 Dungeon Crawl Stone Soup version 0.23-a0-151-gf6d1ed2717 (webtiles) character file.

21 PikkenKukken the Poker (level 2, 0/17 HPs)
             Began as a Gargoyle Wanderer on Sept 8, 2018.
             Slain by a hobgoblin
             ... wielding a +0 club
              (4 damage)
             ... on level 2 of the Dungeon.
             The game lasted 00:01:33 (747 turns).

PikkenKukken the Poker (Gargoyle Wanderer)           Turns: 747, Time: 00:01:33

Health: 0/17       AC:  4    Str: 15    XL:     2   Next: 87%
Magic:  2/2        EV: 11    Int: 13    God:
Gold:   61         SH:  0    Dex:  8    Spells: 1/1 levels left

rFire    . . .     SeeInvis .   a - +2 spear
rCold    . . .     Gourm    .   (no shield)
rNeg     + . .     Faith    .   d - +0 robe
rPois    ∞         Spirit   .   (no helmet)
rElec    +         Reflect  .   (no cloak)
rCorr    .         Harm     .   (no gloves)
MR       .....                  (no boots)
Stlth    ++........             (no amulet)
HPRegen  0.05/turn              (no ring)
MPRegen  0.08/turn              (no ring)

@: no status effects
A: negative energy resistance 1, electricity resistance, unbreathing,
petrification resistance, rot immunity, AC +2
a: no special abilities


You were on level 2 of the Dungeon.
You were not hungry.

You visited 1 branch of the dungeon, and saw 2 of its levels.

You collected 61 gold pieces.

Inventory:

Hand Weapons
 a - a +2 spear (weapon)
 e - a +0 dagger
Armour
 d - a +0 robe (worn)
Scrolls
 b - 6 scrolls of identify
 g - a scroll of teleportation {unknown}
Potions
 h - a potion of heal wounds
Comestibles
 c - 3 chunks of flesh
 f - 2 rations


   Skills:
 + Level 2.2 Fighting
 + Level 4.0 Polearms
 - Level 2.1 Stealth
   Level 1.0 Translocations
   Level 2.0 Poison Magic


You had one spell level left.
You didn't know any spells.
Your spell library contained the following spells:

 Spells                   Type           Power        Failure   Level  Hunger
 Sting                    Conj/Pois      #...         21%         1    ##.....
 Summon Small Mammal      Summ           #...         30%         1    ##.....
 Ignite Poison            Fire/Tmut/Pois #.......     58%         3    ####...
 Recall                   Summ/Tloc      N/A          58%         3    ####...


Dungeon Overview and Level Annotations

Branches:
Dungeon (2/15)

Altars:


Innate Abilities, Weirdness & Mutations

You are resistant to torment.
Your stone body is resilient. (AC +2)
You are immune to poison.
You resist negative energy. (rN+)
You are resistant to electric shocks. (rElec)
You can survive without breathing.
You are immune to petrification.
You are immune to rotting.


Message History

You are too injured to fight recklessly!
You are too injured to fight recklessly!
You are too injured to fight recklessly!
You are too injured to fight recklessly!
You are too injured to fight recklessly!
You are too injured to fight recklessly!
You are too injured to fight recklessly!
You are too injured to fight recklessly!
You are too injured to fight recklessly!
You are too injured to fight recklessly!
You are too injured to fight recklessly!
You are too injured to fight recklessly!
You are too injured to fight recklessly!
You are too injured to fight recklessly!
You are too injured to fight recklessly!
You are too injured to fight recklessly!
You hit the worm.
The worm is lightly wounded.
The hobgoblin hits you with a club.
You die...

........................>
######.#############.#<#
#.# #.### #.# #.# # ##.##
#.# # #...# #.# # #...#
.# #.# # #..?##...# #.# #
#..@w....+ #.# #..g##...#
#.# #...# ..# #...# ##
#...# #...# ####. .


You could see a worm and a hobgoblin.

Vanquished Creatures
  A leopard gecko (D:1)
  6 bats (D:1)
  A giant cockroach (D:1)
  3 goblins (D:1)
  3 hobgoblins
  A kobold (D:1)
  3 rats (D:1)
18 creatures vanquished.

Notes
Turn   | Place    | Note
-------+----------+-------------------------------------------
     0 | D:1      | PikkenKukken the Gargoyle Wanderer began the quest for the
                  | Orb.
     0 | D:1      | PikkenKukken set off with: a +2 spear, a +0 robe, a +0
                  | dagger, a ration
     0 | D:1      | Reached XP level 1. HP: 12/12 MP: 1/1
   147 | D:1      | Reached XP level 2. HP: 17/17 MP: 2/2
   329 | D:1      | Reached skill level 4 in Polearms
   747 | D:2      | Slain by a hobgoblin

Vault maps used:
D:1:      tarquinn_simple_flora_water_a
D:2:      first_ration

Skill      XL: |  1  2 |
---------------+-------+-----
Fighting       | 2 |  2.2
Polearms       | 4 |  4.0
Stealth        | |  2.1
Translocations | |  1.0
Poison Magic   | |  2.0

Action                   || total
-------------------------++-------
Melee: Spear             ||    59
  Use: Scroll            ||     2
 Stab: Sleeping          ||     2
Armor: Robe              ||    24
Dodge: Dodged            ||    27

Table legend:
 A = Non-vault XP
 B = Vault XP
 C = Vault XP percentage of total XP
 D = Non-vault monster count
 E = Vault monster count
 F = Vault count percentage of total count
                 A         B        C        D         E       F
            +---------+---------+-------+---------+---------+-------
      Total |      31 |       0 |   0.0 |      18 |       0 |   0.0
            +---------+---------+-------+---------+---------+-------
        D:1 |      29 |       0 |   0.0 |      17 |       0 |   0.0
        D:2 |       2 |       0 |   0.0 |       1 |       0 |   0.0
            +---------+---------+-------+---------+---------+-------
